 Dungeon Crawl Stone Soup version 0.28.0-53-g5a82cb258f (console) character file.

Game seed: 13131219539906639461

49 erker the Sneak (level 3, -2/21 HPs)
             Began as an Octopode Earth Elementalist on July 10, 2022.
             Frozen to death by an endoplasm (4 damage)
             ... on level 2 of the Dungeon.
             The game lasted 00:03:28 (1439 turns).

erker the Sneak (Octopode Earth Elementalist)       Turns: 1439, Time: 00:03:29

Health: -2/21      AC:  1    Str:  7    XL:     3   Next: 77%
Magic:  2/6        EV: 13    Int: 19    God:
Gold:   39         SH:  0    Dex: 18    Spells: 3/6 levels left

rFire   . . .      SeeInvis .   c - +0 dagger
rCold   . . .      Faith    .   (no shield)
rNeg    . . .      Spirit   .   (helmet restricted)
rPois   .          Reflect  .   (no amulet)
rElec   .          Harm     .   d - +6 ring of dexterity
rCorr   .          Rampage  .   (no ring)
Will    .....                   (no ring)
Stlth   ++++......              (no ring)
HPRegen 0.07/turn               (no ring)
MPRegen 0.10/turn               (no ring)
                                (no ring)
                                (no ring)

@: no status effects
A: almost no armour, amphibious, 8 rings, camouflage 1, gelatinous body 1,
(nimble swimmer 1), tentacles
a: no special abilities


You were on level 2 of the Dungeon.
You visited 1 branch of the dungeon, and saw 2 of its levels.

You collected 39 gold pieces.

Inventory:

Hand Weapons
 c - a +0 dagger (weapon)
 j - a +0 hunting sling
Missiles
 b - 51 stones
 g - a poisoned dart (quivered)
Jewellery
 d - a +6 ring of dexterity (left tentacle)
Scrolls
 a - 2 scrolls of identify {unknown}
 e - a scroll of immolation
 h - a scroll of blinking {unknown}
 i - a scroll of fear {unknown}
Potions
 f - a potion of heal wounds {unknown}


   Skills:
 - Level 2.0 Dodging
 - Level 4.0 Stealth
 - Level 2.0 Spellcasting
 + Level 1.3 Transmutations
 - Level 4.0 Earth Magic


You had 3 spell levels left.
You knew the following spells:

 Your Spells              Type           Power      Damage    Failure   Level
a - Sandblast             Erth           34%        2d9       3%          1
w - Passwall              Tmut/Erth      10%        N/A       9%          2

Your spell library contained the following spells:

 Spells                   Type           Power      Damage    Failure   Level
 Stone Arrow              Conj/Erth      18%        3d8       22%         3
 Petrify                  Tmut/Erth      12%        N/A       50%         4


Dungeon Overview and Level Annotations

Branches:
Dungeon (2/15)

Altars:


Innate Abilities, Weirdness & Mutations

You cannot wear most types of armour.
You are amphibious.
You can wear up to eight rings at the same time.
Your skin changes colour to match your surroundings (Stealth+).
Your rubbery body absorbs attacks. (AC +1, EV +1)
((You are camouflaged when in or above water. (Stealth+)))
You have tentacles for arms and can constrict up to eight enemies at once.


Message History

Confirm with . or Enter, or press ? or * to list all spells.
Aiming: Sandblast (safe; 3% risk of failure)
Press: ? - help, Shift-Dir - straight line, f/p - gnoll
Aim: a gnoll, wielding a +0 club (severely wounded, poisoned, 82% to hit)
The blast of sand hits the gnoll.
The gnoll is severely wounded.
b - 53 stones The gnoll looks more healthy.
An endoplasm comes into view.
The gnoll barely misses you.
Casting: Sandblast (safe; 3% risk of failure)
Confirm with . or Enter, or press ? or * to list all spells.
Aiming: Sandblast (safe; 3% risk of failure)
Press: ? - help, Shift-Dir - straight line, f/p - gnoll
Aim: a gnoll, wielding a +0 club (severely wounded, 82% to hit)
The blast of sand hits the gnoll!
You kill the gnoll!
b - 52 stones The gnoll hits you from afar with a +0 halberd.
Training target 4.0 for Earth Magic reached!
Your Earth Magic skill increases to level 4!
You need to enable at least one skill for training.
Casting: Sandblast (safe; 3% risk of failure)
Confirm with . or Enter, or press ? or * to list all spells.
Aiming: Sandblast (safe; 3% risk of failure)
Press: ? - help, Shift-Dir - straight line, f - gnoll
Aim: a gnoll, wielding a +0 halberd (82% to hit)
The blast of sand hits the gnoll.
The gnoll is lightly wounded.
b - 51 stones The gnoll hits you from afar with a +0 halberd!
Ouch! That really hurt!
* * * LOW HITPOINT WARNING * * *
Your magical contamination has completely faded away.
The endoplasm jiggles.
You see here a +0 scythe.
You hit the endoplasm but do no damage. The endoplasm freezes you.
You are frozen.
You die...

#######
#.....#################
#†#...............>....
#.#.....###############
#.#........... ##
#.#....########## .#
#.#.............g .#
#.#.....####..... .#
#.#...@.# .S) .###
#.###.#J# . ...# #.#
#g#.^....... ...#
#g######..<. ...#
#....g....(. ...#
############ ...# ...#
...#


You could see 2 gnolls and an endoplasm.

Vanquished Creatures
  A gnoll (D:2)
  3 worms (D:2)
  A dart slug (D:2)
  A ball python (D:1)
  3 endoplasms (D:1)
  A giant cockroach (D:1)
  3 goblins
  3 hobgoblins
  3 jackals (D:2)
  A bat (D:1)
  2 frilled lizards (D:1)
  4 kobolds
  A rat (D:2)
27 creatures vanquished.

Notes
Turn   | Place    | Note
-------+----------+-------------------------------------------
     0 | D:1      | erker the Octopode Earth Elementalist began the quest for
                  | the Orb.
     0 | D:1      | Reached XP level 1. HP: 11/11 MP: 3/3
   183 | D:1      | Reached XP level 2. HP: 17/17 MP: 1/5
   186 | D:1      | Learned a level 2 spell: Passwall
   465 | D:1      | Found a faded altar of an unknown god.
   801 | D:2      | Reached XP level 3. HP: 21/21 MP: 6/6
  1439 | D:2      | Frozen to death by an endoplasm

Illustrated notes

Levels and vault maps discovered:
D:1:      roderic_dead_forest, layout_loops_ring,
          hellmonk_ecumenical_altar_blasted
D:2:      layout_basic

Skill      XL: |  1  2  3 |
---------------+----------+-----
Stealth        | 3 4 |  4.0
Earth Magic    | 4 |  4.0
Dodging        | |  2.0
Spellcasting   | |  2.0
Transmutations | |  1.3

Action                   || total
-------------------------++-------
Melee: Unarmed           ||     8
       Constrict         ||    11
       Punch             ||     2
       Dagger            ||    21
       Tentacles         ||     6
Throw: Dart              ||     2
 Cast: Sandblast         ||    17
       Passwall          ||     1
 Stab: Sleeping          ||    12
Armor: Skin              ||     3
Dodge: Dodged            ||    15
